 Dungeon Crawl Stone Soup version 0.21-a0-361-g4efd3f9 (webtiles) character file.

71 Dfrag the Firebug (level 4, 9/30 HPs)
             Began as a Demonspawn Fire Elementalist on Oct 13, 2017.
             Quit the game on level 2 of the Dungeon.
             The game lasted 00:01:58 (1674 turns).

Dfrag the Firebug (Demonspawn Fire Elementalist)    Turns: 1674, Time: 00:01:59

Health: 9/30       AC:  2    Str:  9    XL:     4   Next: 5%
Magic:  1/17       EV: 12    Int: 17    God:
Gold:   119        SH:  0    Dex: 13    Spells: 7/8 levels left

rFire    . . .     SeeInvis .   (no weapon)
rCold    + . .     Gourm    .   (no shield)
rNeg     . . .     Faith    .   a - +0 robe
rPois    .         Spirit   .   (no helmet)
rElec    .         Reflect  .   (no cloak)
rCorr    .         Harm     .   (no gloves)
MR       .....                  (no boots)
Stlth    ++........             l - amulet of inaccuracy (curse)
HPRegen  0.10/turn              k - ring of magical power
MPRegen  0.15/turn              (no ring)

@: very slightly contaminated
A: hooves 1, cold resistance 1
a: no special abilities


You were on level 2 of the Dungeon.
You were hungry.

You visited 1 branch of the dungeon, and saw 3 of its levels.

You collected 119 gold pieces.

Inventory:

Armour
 a - a +0 robe (worn)
Jewellery
 k - a ring of magical power (left hand)
 l - a cursed amulet of inaccuracy (around neck)
Scrolls
 d - 4 scrolls of remove curse {unknown}
 e - 4 scrolls of identify {unknown}
 h - a scroll of teleportation {unknown}
 i - 4 scrolls of immolation {unknown}
Potions
 f - 3 potions of heal wounds {unknown}
 g - 2 potions of brilliance {unknown}
 j - 2 potions of ambrosia {unknown}
Books
 b - a book of Flames

   Spells                             Type                      Level
   a - Flame Tongue                   Conjuration/Fire             1
   b - Throw Flame                    Conjuration/Fire             2
   c - Conjure Flame                  Conjuration/Fire             3
   d - Inner Flame                    Hexes/Fire                   3
   e - Sticky Flame                   Conjuration/Fire             4
   f - Fireball                       Conjuration/Fire             5
Comestibles
 c - a bread ration


   Skills:
 - Level 1.7 Dodging
 - Level 1.7 Stealth
 + Level 2.8 Spellcasting
 + Level 2.3 Conjurations
 + Level 3.4 Fire Magic


You had 7 spell levels left.
You knew the following spells:

 Your Spells              Type           Power        Failure   Level  Hunger
a - Flame Tongue          Conj/Fire      ##...        5%          1    #......


Dungeon Overview and Level Annotations

Branches:
Dungeon (3/15)

Altars:

Annotations:
D:3 Atlas's ghost, amateur VSFi


Innate Abilities, Weirdness & Mutations

You have large cloven feet.
Your flesh is cold resistant. (rC+)


Message History

Casting: Flame Tongue
Confirm with . or Enter, or press ? or * to list all spells.
Aiming: Flame Tongue
Press: ? - help, Shift-Dir - straight line, f/p - adder
Aim: an adder The flame tongue hits the adder.
The adder is almost dead.
The adder bites you.
* * * LOW HITPOINT WARNING * * *
Casting: Flame Tongue
Confirm with . or Enter, or press ? or * to list all spells.
Aiming: Flame Tongue
Press: ? - help, Shift-Dir - straight line, f/p - adder
Aim: an adder (almost dead)
The flame tongue hits the adder.
You kill the adder!
You have reached level 4!
You feel stronger.
Your demonic ancestry asserts itself...
You feel resistant to cold.
Are you sure you want to abandon this character and quit the game? (Confirm with "yes".)

#...#.#...# #.#
###.#.#...# #.#
#.#.#...###### #.#
#.#.#...##...#####.#
#.#.#.####.........#
#.#.#.# #.........#
#.#.#'####.........#
#.#>...............#
#.#@...............#
#.#.................
#.#.................
#.#.................
#.#..........##.....
#.#.................
#.##.........##.....
#.#############....>
#.# ###.....


There were no monsters in sight!

Vanquished Creatures
  3 adders
  A worm (D:2)
  2 dart slugs (D:1)
  3 leopard geckos
  6 bats
  2 giant cockroaches
  5 hobgoblins
  2 kobolds (D:2)
  4 frilled lizards
  4 goblins (D:2)
  4 rats
36 creatures vanquished.

Notes
Turn   | Place    | Note
-------+----------+-------------------------------------------
     0 | D:1      | Dfrag the Demonspawn Fire Elementalist began the quest for the Orb.
     0 | D:1      | Reached XP level 1. HP: 13/13 MP: 3/3
    91 | D:1      | Gained mutation: You have large cloven feet. [demonic ancestry]
    91 | D:1      | Reached XP level 2. HP: 5/19 MP: 0/5
   322 | D:1      | Reached skill level 3 in Fire Magic
   822 | D:2      | Reached XP level 3. HP: 12/24 MP: 3/6
  1587 | D:3      | Noticed Atlas's ghost (amateur VSFi)
  1672 | D:2      | Gained mutation: Your flesh is cold resistant. (rC+) [demonic ancestry]
  1672 | D:2      | Reached XP level 4. HP: 9/30 MP: 1/8
  1674 | D:2      | Quit the game

Vault maps used:
D:1:      dpeg_arrival_lava_altar
D:2:      wad_woods_pond
D:3:      fountainhead

Skill      XL: |  1  2  3 |
---------------+----------+-----
Fire Magic     | 3 |  3.4
Conjurations   | 2 |  2.3
Dodging        | |  1.7
Stealth        | |  1.7
Spellcasting   | |  2.8

Action                   |  1- 3 |  4- 6 || total
-------------------------+-------+-------++-------
Melee: Unarmed           |    48 |       ||    48
       Kick              |    10 |       ||    10
 Cast: Flame Tongue      |    61 |     1 ||    62
  Eat: Chunk             |     2 |       ||     2
Armor: Robe              |     9 |       ||     9
Dodge: Dodged            |    53 |       ||    53

Table legend:
 A = Spawn XP
 B = Non-spawn XP
 C = Spawn XP percentage of total XP
 D = Spawn monster count
 E = Non-spawn monster count
 F = Spawn count percentage of total count
 G = Total turns spent on level
                    A         B        C        D         E        F      G
               +---------+---------+-------+---------+---------+-------+---------
         Total |       0 |     102 |   0.0 |       0 |      36 |   0.0 |  1674
               +---------+---------+-------+---------+---------+-------+---------
           D:1 |       0 |      30 |   0.0 |       0 |      16 |   0.0 |   664
           D:2 |       0 |      55 |   0.0 |       0 |      16 |   0.0 |   923
           D:3 |       0 |      17 |   0.0 |       0 |       4 |   0.0 |    87
               +---------+---------+-------+---------+---------+-------+---------
